 Dungeon Crawl Stone Soup version 0.23.2-1-ga50397a6bc (webtiles) character file.

Game seed: 18272136054486088661

65 Marnok the Skirmisher (level 3, 0/30 HPs)
             Began as a Demonspawn Abyssal Knight on Apr 21, 2019.
             Was a Believer of Lugonu.
             Slain by a worm (9 damage)
             ... on level 2 of the Dungeon.
             The game lasted 00:03:23 (1514 turns).

Marnok the Skirmisher (Demonspawn Abyssal Knight)   Turns: 1514, Time: 00:03:23

Health: 0/30       AC:  3    Str: 12    XL:     3   Next: 94%
Magic:  5/5        EV: 11    Int: 13    God:    Lugonu [**....]
Gold:   77         SH:  0    Dex: 13    Spells: 2/2 levels left

rFire    . . .     SeeInvis .   a - +1 spear
rCold    . . .     Gourm    .   (no shield)
rNeg     . . .     Faith    .   b - +0 leather armour
rPois    .         Spirit   .   (no helmet)
rElec    .         Reflect  .   (no cloak)
rCorr    .         Harm     .   (no gloves)
MR       .....                  (no boots)
Stlth    +.........             (no amulet)
HPRegen  0.10/turn              (no ring)
MPRegen  0.09/turn              (no ring)

@: no status effects
A: claws 1
a: Depart the Abyss, Bend Space, Renounce Religion


You were on level 2 of the Dungeon.
You worshipped Lugonu.
Lugonu was pleased with you.
You were not hungry.

You visited 1 branch of the dungeon, and saw 2 of its levels.
You visited the Abyss 1 time.

You collected 77 gold pieces.

Inventory:

Hand Weapons
 a - a +1 spear (weapon)
 e - a +1 dagger of protection
Armour
 b - a +0 leather armour (worn)
Jewellery
 l - an uncursed ring of ice {unknown}
Scrolls
 d - a scroll of remove curse {unknown}
 f - a scroll of magic mapping {unknown}
 h - 7 scrolls of identify {unknown}
 i - a scroll of enchant weapon {unknown}
Potions
 g - 4 potions of curing
 j - 2 potions of cancellation {unknown}
Comestibles
 c - 2 rations
 k - 2 chunks of flesh


   Skills:
 + Level 3.9 Fighting
 + Level 2.5 Polearms
 + Level 2.1 Armour
 + Level 1.3 Dodging
 + Level 2.8 Invocations


You had 2 spell levels left.
You didn't know any spells.
Your spell library was empty.

Dungeon Overview and Level Annotations

Branches:
Dungeon (2/15)

Altars:
Gozag
Hepliaklqana
Nemelex Xobeh


Innate Abilities, Weirdness & Mutations

You have sharp fingernails.


Message History

You barely miss the worm.
The worm is lightly wounded.
You hit the worm but do no damage.
The worm is lightly wounded.
The worm barely misses you.
You hit the worm.
The worm is moderately wounded.
The worm bites you!
* * * LOW HITPOINT WARNING * * *
You hit the worm.
The worm is heavily wounded.
It was a potion of curing.
You feel better. The worm barely misses you.
You hit the worm.
The worm is severely wounded.
You hit the worm.
The worm is severely wounded.
The worm bites you!
* * * LOW HITPOINT WARNING * * *
You feel better. The worm bites you!
You die...

....... w......
....... .......
##.......
#..w.....
#........
######........
#.(@w.........
#.###.........
#.# ###.......
#.######.....#
#........#####
###......#
##.....#########
#......†......#
#.....#######..


You could see a worm.

Vanquished Creatures
  2 worms (D:2)
  3 dart slugs
  2 leopard geckos
  4 giant cockroaches (D:2)
  4 goblins
  7 hobgoblins
  9 jackals (D:2)
  3 kobolds
  A quokka (D:2)
  5 bats
  4 frilled lizards
  A rat (D:2)
45 creatures vanquished.

Vanquished Creatures (others)
  A hobgoblin (D:2)
1 creature vanquished.

Grand Total: 46 creatures vanquished

Notes
Turn   | Place    | Note
-------+----------+-------------------------------------------
     0 | Abyss:1  | Marnok the Demonspawn Abyssal Knight began the quest for
                  | the Orb.
     0 | Abyss:1  | Reached XP level 1. HP: 18/18 MP: 2/2
     5 | Abyss:1  | Found a hide-covered altar of Uskayaw.
    73 | Abyss:1  | Noticed an iron imp
    77 | Abyss:1  | Noticed a raiju
    79 | D:1      | Escaped the Abyss
   147 | D:1      | Reached * piety under Lugonu
   295 | D:1      | Gained mutation: You have sharp fingernails. [demonic
                  | ancestry]
   295 | D:1      | Reached XP level 2. HP: 20/24 MP: 3/3
   646 | D:2      | Reached skill level 1 in Dodging
   664 | D:2      | Reached XP level 3. HP: 18/30 MP: 5/5
   879 | D:2      | Found an opulent altar of Gozag.
   880 | D:2      | Found a sparkling altar of Nemelex Xobeh.
  1202 | D:2      | Found a hazy altar of Hepliaklqana.
  1328 | D:2      | Reached ** piety under Lugonu
  1514 | D:2      | Slain by a worm

Skill      XL: |  1  2  3 |
---------------+----------+-----
Dodging        | 1 |  1.3
Polearms       | 2 |  2.5
Armour         | 2 |  2.1
Fighting       | |  3.9
Invocations    | |  2.8

Action                   || total
-------------------------++-------
Melee: Spear             ||   171
Invok: Depart the Abyss  ||     1
  Use: Potion            ||     2
  Eat: Chunk             ||     2
Armor: Leather armour    ||    54
Dodge: Dodged            ||   102
